 Dungeon Crawl Stone Soup version 0.27-a0-836-gfc908b8576 (webtiles) character file.

Game seed: 2352769343748377047

256 dickylongcocking the Magician (level 6, -9/47 HPs)
             Began as a Djinni Fire Elementalist on Mar 31, 2021.
             Killed from afar by Dowan (17 damage)
             ... with a bolt of acid
             ... on level 4 of the Dungeon.
             The game lasted 00:02:09 (2710 turns).

dickylongcocking the Magician (DjFE)                Turns: 2710, Time: 00:02:10

Health: -9/47      AC:  2    Str:  7    XL:     6   Next: 15%
Gold:   35         EV: 12    Int: 18    God:
                   SH:  0    Dex: 14

rFire    + + .     SeeInvis .   b - +0 dagger
rCold    x . .     Faith    .   (no shield)
rNeg     . . .     Spirit   .   a - +0 robe
rPois    ∞         Reflect  .   (no helmet)
rElec    .         Harm     .   (no cloak)
rCorr    .         Rampage  .   (no gloves)
Will     .....                  (boots unavailable)
Stlth    ++........             (no amulet)
HPRegen  0.15/turn              (no ring)
MPRegen  0.00/turn              (no ring)

@: flying
A: fire resistance 2, cold vulnerability 1, float, innate caster, hp casting,
extra vitality 1
a: no special abilities


You were on level 4 of the Dungeon.
You visited 1 branch of the dungeon, and saw 3 of its levels.

You collected 35 gold pieces.

Inventory:

Hand Weapons
 b - a +0 dagger (weapon)
Armour
 a - a +0 robe (worn)
Scrolls
 d - 2 scrolls of identify {unknown}
 e - a scroll of silence {unknown}
 f - 2 scrolls of enchant weapon {unknown}
 g - a scroll of torment {unknown}
Potions
 c - a potion of attraction {unknown}


   Skills:
 * Level 3.9 Fighting
 - Level 2.2 Dodging
 - Level 1.5 Stealth
 * Level 4.4 Spellcasting


You couldn't memorise any spells.
You knew the following spells:

 Your Spells              Type           Power      Damage    Failure   Level
a - Foxfire               Conj/Fire      80%        2x1d8     2%          1
b - Conjure Flame         Conj/Fire      20%        6-21      7%          3
c - Inner Flame           Hex/Fire       20%        N/A       7%          3
d - Sticky Flame          Conj/Fire      20%        2d4       22%         4
e - Fireball              Conj/Fire      10%        3d6       54%         5
f - Sting                 Tmut/Pois      80%        1d7       2%          1
g - Blink                 Tloc           N/A        N/A       3%          2
Your spell library was empty.

Dungeon Overview and Level Annotations

Branches:
Dungeon (2/15)

Altars:
Dithmenos

Annotations:
D:4 Dowan


Innate Abilities, Weirdness & Mutations

You are immune to poison.
Your flesh is very heat resistant. (rF++)
You are vulnerable to cold. (rC-)
You float through the air rather than walking.
You learn spells naturally, not from books.
Your magical power is your life essence.
You have superior vitality. (+4 HP)


Message History

Unknown command.
Flame seeps out of Ijyb.
Ijyb is engulfed in blazing flames.
Ijyb explodes!
The fiery explosion engulfs Duvessa!!
Duvessa is almost dead.
You hear a shout!
Your Spellcasting skill increases to level 4!
Unknown command.
Unknown command.
Unknown command.
Casting: Sting (safe; 3% risk of failure)
Confirm with . or Enter, or press ? or * to list all spells.
You can't see any susceptible monsters within range! (Use Z to cast anyway.) Unknown command.
Duvessa is engulfed in blazing flames.
You kill Duvessa!
You hear a distant wail of despair.
You have reached level 6!
Your experience leads to an increase in your attributes!
Increase (S)trength, (I)ntelligence, or (D)exterity?
You feel clever.
You start resting.
An iguana is nearby!
An iguana is nearby!
You start resting.
An iguana is nearby!
An iguana is nearby!
Found a stone staircase leading up.
Dowan seems to find hidden reserves of power!
Found a scroll labelled GOULIR RI WIACH.
Found 8 gold pieces.
Dowan zaps a wand.
The bolt of acid hits you!
You are splashed with acid!
* * * LOW HITPOINT WARNING * * *
Dowan says, "How can I live without her?"
Dowan mumbles some strange words.
Dowan blinks!
Unknown command.
There is a stone staircase leading up here.
Dowan zaps a wand.
The bolt of acid hits you!
You die...

#.#### #)# #.# ####.#
.....#######
####.......#
#.#####.# #########
#)#####.#####....$..#
#.##....e....@#
#.##)##.####....?#
#.......# ##.##.....
####.#### #.# ##..
#.# #.# #.### #..
##l<.### ### #......#
#.##)#.#


You could see Dowan (fast).

Vanquished Creatures
  Duvessa (D:4)
  A black bear (D:2)
  Ijyb (D:4)
  3 orcs (D:4)
  2 endoplasms
  3 giant cockroaches (D:1)
  5 goblins
  4 hobgoblins
  3 kobolds
  2 ball pythons
  7 bats (D:1)
  A frilled lizard (D:1)
  2 rats
35 creatures vanquished.

Vanquished Creatures (others)
  84 foxfires
84 creatures vanquished.

Grand Total: 119 creatures vanquished

Notes
Turn   | Place    | Note
-------+----------+-------------------------------------------
     0 | D:1      | dickylongcocking the Djinni Fire Elementalist began the
                  | quest for the Orb.
     0 | D:1      | Reached XP level 1. HP: 15/15 MP: 0/0
   713 | D:1      | Reached XP level 2. HP: 19/22 MP: 0/0
   852 | D:1      | Reached skill level 1 in Fighting
   852 | D:1      | Reached skill level 3 in Spellcasting
  1549 | D:1      | Reached XP level 3. HP: 24/27 MP: 0/0
  1549 | D:1      | Learned a level 1 spell: Sting
  1900 | D:2      | Found a shadowy altar of Dithmenos.
  1973 | D:2      | Noticed a black bear
  1989 | D:2      | HP: 1/27 [black bear (4)]
  1994 | D:2      | Killed a black bear
  1995 | D:2      | Reached XP level 4. HP: 12/34 MP: 0/0
  2218 | D:2      | Reached XP level 5. HP: 36/40 MP: 0/0
  2218 | D:2      | Learned a level 2 spell: Blink
  2364 | D:2      | You are sucked into a shaft and drop 2 floors!
  2681 | D:4      | Noticed Ijyb
  2681 | D:4      | Noticed Duvessa
  2681 | D:4      | Noticed Dowan
  2694 | D:4      | Killed Ijyb
  2695 | D:4      | Reached skill level 4 in Spellcasting
  2695 | D:4      | Killed Duvessa
  2696 | D:4      | Reached XP level 6. HP: 36/47 MP: 0/0
  2710 | D:4      | Killed from afar by Dowan

Illustrated notes

Levels and vault maps discovered:
D:1:      minmay_arrival_open_corners, layout_loops_corners
D:2:      layout_loops_ring, minivault_26, minmay_misc_feat_more_columns,
          grunt_dithmenos_smoke_and_mirrors, uniq_crazy_yiuf_cottage
D:4:      kennysheep_goblin_castle, layout_loops_cross,
          minmay_temple_entry_antechambers, abandoned_shop, uniq_ijyb,
          uniq_natasha, uniq_duvessa, uniq_blork_the_orc

Skill      XL: |  1  2  3  4  5 |
---------------+----------------+-----
Fighting       | 1 2 3 |  3.9
Spellcasting   | 3 4 |  4.4
Dodging        | |  2.2
Stealth        | |  1.5

Action                   |  1- 3 |  4- 6 || total
-------------------------+-------+-------++-------
Melee: Dagger            |    26 |     3 ||    29
       Unarmed           |     4 |       ||     4
 Cast: Foxfire           |    52 |    12 ||    64
       Sting             |     3 |     9 ||    12
       Inner Flame       |       |     2 ||     2
  Use: Potion            |     1 |       ||     1
 Stab: Sleeping          |     3 |       ||     3
Armor: Robe              |    17 |     1 ||    18
Dodge: Dodged            |    47 |    13 ||    60

Table legend: (Time is in decaauts)
 A = Elapsed time spent in this place.
 B = Non-inter-level travel time spent in this place.
 C = Inter-level travel time spent in this place.
 D = Time resting spent in this place.
 E = Time spent auto-exploring this place.
 F = Levels seen in this place.
 G = Mean time per level.
                   A        B        C        D        E       F      G
               +--------+--------+--------+--------+--------+-----+--------+
         Total |   2709 |   2660 |     49 |    347 |   2019 |   3 |  903.0 |
       Dungeon |   2709 |   2660 |     49 |    347 |   2019 |   3 |  903.0 |
               +--------+--------+--------+--------+--------+-----+--------+

Top non-repeatable levels by time:
     D:1: 1851 daAuts
     D:2: 511 daAuts
     D:4: 345 daAuts
